% Time on Ice - OAKLAND GORILLAS
Lines # - Real PCT - Wanted PCT - Time Play
Normal Forward
1 - 31% - 31% - 14:07
2 - 31% - 30% - 14:10
3 - 32% - 30% - 14:22
4 - 6% - 9% - 2:46
Normal Defense
1 - 38% - 38% - 17:16
2 - 38% - 36% - 17:05
3 - 24% - 26% - 11:04
4 - 0% - 0% - 0:00
PP Forward
1 - 61% - 55% - 3:53
2 - 39% - 45% - 2:27
PP Defense
1 - 61% - 55% - 3:50
2 - 39% - 45% - 2:30
PK Forward
1 - 61% - 55% - 3:41
2 - 39% - 45% - 2:21
PK Defense
1 - 54% - 55% - 3:17
2 - 46% - 45% - 2:45
PK3 Forward
1 - 0% - 55%
2 - 0% - 45%
PK3 Defense
1 - 0% - 55%
2 - 0% - 45%
44 Forward
1 - 57% - 55% - 1:05
2 - 43% - 45% - 0:49
44 Defense
1 - 57% - 55% - 1:05
2 - 43% - 45% - 0:49
Last Minute Offensive  - 0:00
Last Minute Defensive  - 0:19
Total
Forward - 60:00
Defense - 60:00
% Time on Ice - CALGARY FIREMEN
Lines # - Real PCT - Wanted PCT - Time Play
Normal Forward
1 - 33% - 36% - 14:57
2 - 28% - 31% - 12:35
3 - 23% - 23% - 10:14
4 - 16% - 10% - 7:08
Normal Defense
1 - 36% - 36% - 16:13
2 - 31% - 31% - 14:07
3 - 29% - 23% - 13:03
4 - 3% - 10% - 1:31
PP Forward
1 - 58% - 55% - 3:29
2 - 42% - 45% - 2:33
PP Defense
1 - 47% - 55% - 2:49
2 - 53% - 45% - 3:13
PK Forward
1 - 69% - 55% - 4:22
2 - 31% - 45% - 1:58
PK Defense
1 - 48% - 55% - 3:02
2 - 52% - 45% - 3:18
PK3 Forward
1 - 0% - 55%
2 - 0% - 45%
PK3 Defense
1 - 0% - 55%
2 - 0% - 45%
44 Forward
1 - 37% - 55% - 0:42
2 - 63% - 45% - 1:12
44 Defense
1 - 2% - 55% - 0:02
2 - 98% - 45% - 1:52
Last Minute Offensive  - 0:50
Last Minute Defensive  - 0:00
Total
Forward - 60:00
Defense - 60:00
Play-by-Play 1st period 0:01 of 1st period - Aleksander Barkov wins face-off versus Filip Forsberg in neutral zone. 0:57 of 1st period - Icing by Jamie Oleksiak. 0:58 of 1st period - Filip Forsberg wins face-off versus Colton Sissons in CALGARY FIREMEN zone. 1:28 of 1st period - Shot by Mason Marchment. 1:28 of 1st period - Stopped by Alexandar Georgiev without a rebound. 1:29 of 1st period - Max Domi wins face-off versus Yakov Trenin in OAKLAND GORILLAS zone. 1:59 of 1st period - Icing by Jordan Oesterle. 2:00 of 1st period - Gabriel Dumont wins face-off versus Yakov Trenin in CALGARY FIREMEN zone. 2:12 of 1st period - Shot by Sonny Milano. 2:12 of 1st period - Shot Misses the Net. 2:26 of 1st period - Shot by Jack McBain. 2:26 of 1st period - Shot Misses the Net. 2:34 of 1st period - Shot by Ryan Johansen. 2:34 of 1st period - Stopped by Alexandar Georgiev without a rebound. 2:35 of 1st period - Colton Sissons wins face-off versus Michael McCarron in OAKLAND GORILLAS zone. 4:07 of 1st period - Shot by Oskar Lindblom. 4:07 of 1st period - Shot Misses the Net. 4:30 of 1st period - Icing by Filip Forsberg. 4:31 of 1st period - Filip Forsberg wins face-off versus Aleksander Barkov in CALGARY FIREMEN zone. 4:58 of 1st period - Shot by Brock Boeser. 4:58 of 1st period - Stopped by Alex Nedeljkovic without a rebound. 4:59 of 1st period - Gabriel Dumont wins face-off versus Yakov Trenin in CALGARY FIREMEN zone. 5:02 of 1st period - Shot by Jack McBain. 5:02 of 1st period - Stopped by Alex Nedeljkovic without a rebound. 5:03 of 1st period - Colton Sissons wins face-off versus Yakov Trenin in CALGARY FIREMEN zone. 5:08 of 1st period - Shot by Colton Sissons. 5:08 of 1st period - Shot Blocked by Jake McCabe. 5:53 of 1st period - Minor Penalty to Colton Sissons for High sticking. 5:54 of 1st period - Aleksander Barkov wins face-off versus Filip Forsberg in OAKLAND GORILLAS zone. 6:16 of 1st period - Icing by Nikita Zadorov. 6:17 of 1st period - David Kampf wins face-off versus Filip Forsberg in CALGARY FIREMEN zone. 6:20 of 1st period - Shot by Aleksander Barkov. 6:20 of 1st period - Shot Blocked by Olli Maatta. 6:38 of 1st period - Shot by Olli Maatta. 6:38 of 1st period - Stopped by Alexandar Georgiev with a rebound. 6:40 of 1st period - Shot by Jakob Silfverberg. 6:40 of 1st period - Shot Misses the Net. 6:42 of 1st period - Shot by Mattias Janmark-Nylen. 6:42 of 1st period - Shot Blocked by Jared Spurgeon. 8:21 of 1st period - Shot by Yakov Trenin. 8:21 of 1st period - Stopped by Alexandar Georgiev without a rebound. 8:22 of 1st period - Filip Forsberg wins face-off versus Aleksander Barkov in OAKLAND GORILLAS zone. 8:58 of 1st period - Shot by Patrik Laine. 8:58 of 1st period - Shot Blocked by Olli Maatta. 9:35 of 1st period - Icing by Jared Spurgeon. 9:36 of 1st period - Michael McCarron wins face-off versus Max Domi in OAKLAND GORILLAS zone. 10:00 of 1st period - Shot by Tomas Tatar. 10:00 of 1st period - Shot Misses the Net. 10:02 of 1st period - Shot by Hampus Lindholm. 10:02 of 1st period - Stopped by Alex Nedeljkovic without a rebound. 10:03 of 1st period - Ryan Johansen wins face-off versus Brock Boeser in CALGARY FIREMEN zone. 10:20 of 1st period - Shot by Patrik Laine. 10:20 of 1st period - Stopped by Alex Nedeljkovic without a rebound. 10:21 of 1st period - Colton Sissons wins face-off versus Yakov Trenin in CALGARY FIREMEN zone. 10:59 of 1st period - Shot by Joel Farabee. 10:59 of 1st period - Shot Misses the Net. 11:55 of 1st period - Shot by Aleksander Barkov. 11:55 of 1st period - Stopped by Alex Nedeljkovic without a rebound. 11:56 of 1st period - Filip Forsberg wins face-off versus Max Domi in CALGARY FIREMEN zone. 15:16 of 1st period - Shot by Ryan Hartman. 15:16 of 1st period - Shot Blocked by Michael McCarron. 15:37 of 1st period - Icing by Jared Spurgeon. 15:38 of 1st period - Max Domi wins face-off versus Ryan Johansen in OAKLAND GORILLAS zone. 15:38 of 1st period - Hampus Lindholm is hit by Mason Marchment and loses puck. 16:03 of 1st period - Shot by Max Domi. 16:03 of 1st period - Shot Misses the Net. 16:16 of 1st period - Oskar Lindblom is hit by Ryan Hartman and loses puck. 16:49 of 1st period - Shot by Mattias Janmark-Nylen. 16:49 of 1st period - Shot Misses the Net. 16:51 of 1st period - Shot by Olli Maatta. 16:51 of 1st period - Stopped by Alexandar Georgiev without a rebound. 16:52 of 1st period - Yakov Trenin wins face-off versus Colton Sissons in OAKLAND GORILLAS zone. 17:05 of 1st period - Shot by Yakov Trenin. 17:05 of 1st period - Shot Blocked by Cameron York. 17:07 of 1st period - Shot by Sonny Milano. 17:07 of 1st period - Stopped by Alexandar Georgiev without a rebound. 17:08 of 1st period - Aleksander Barkov wins face-off versus Filip Forsberg in OAKLAND GORILLAS zone. 17:21 of 1st period - Shot by Jakob Silfverberg. 17:21 of 1st period - Shot Blocked by Jonas Siegenthaler. 17:23 of 1st period - Shot by Mattias Janmark-Nylen. 17:23 of 1st period - Stopped by Alexandar Georgiev with a rebound. 17:25 of 1st period - Shot by Jakob Silfverberg. 17:25 of 1st period - Stopped by Alexandar Georgiev without a rebound. 17:26 of 1st period - Colton Sissons wins face-off versus Yakov Trenin in OAKLAND GORILLAS zone. 17:37 of 1st period - Shot by Joel Farabee. 17:37 of 1st period - Shot Misses the Net. 18:01 of 1st period - Shot by Jake McCabe. 18:01 of 1st period - Stopped by Alexandar Georgiev without a rebound. 18:02 of 1st period - Ryan Johansen wins face-off versus Max Domi in OAKLAND GORILLAS zone. 18:02 of 1st period - Minor Penalty to Trevor van Riemsdyk for Hooking. 18:03 of 1st period - Aleksander Barkov wins face-off versus Filip Forsberg in OAKLAND GORILLAS zone. 18:03 of 1st period - David Kampf is hit by Filip Forsberg and loses puck. 18:07 of 1st period - Minor Penalty to Nikita Zadorov for Roughing. 18:08 of 1st period - Aleksander Barkov wins face-off versus Filip Forsberg in CALGARY FIREMEN zone. 18:47 of 1st period - Shot by Filip Forsberg. 18:47 of 1st period - Stopped by Alexandar Georgiev without a rebound. 18:48 of 1st period - Ryan Hartman wins face-off versus Jakob Silfverberg in OAKLAND GORILLAS zone. 19:32 of 1st period - Shot by Brock Boeser. 19:32 of 1st period - Shot Misses the Net. Goals for this period are 0 for OAKLAND GORILLAS vs 0 for CALGARY FIREMEN. Shots for this period are 5 for OAKLAND GORILLAS vs 10 for CALGARY FIREMEN. 2nd period 0:01 of 2nd period - Aleksander Barkov wins face-off versus Filip Forsberg in neutral zone. 0:06 of 2nd period - Shot by Max Domi. 0:06 of 2nd period - Stopped by Alex Nedeljkovic with a rebound. 0:18 of 2nd period - Shot by Yakov Trenin. 0:18 of 2nd period - Stopped by Alexandar Georgiev without a rebound. 0:19 of 2nd period - Ryan Johansen wins face-off versus Max Domi in OAKLAND GORILLAS zone. 0:42 of 2nd period - Shot by Tomas Tatar. 0:42 of 2nd period - Stopped by Alex Nedeljkovic with a rebound. 0:44 of 2nd period - Shot by Ryan Hartman. 0:44 of 2nd period - Stopped by Alex Nedeljkovic without a rebound. 0:45 of 2nd period - Filip Forsberg wins face-off versus Brock Boeser in CALGARY FIREMEN zone. 1:12 of 2nd period - Shot by Brock Boeser. 1:12 of 2nd period - Stopped by Alex Nedeljkovic without a rebound. 1:13 of 2nd period - Ryan Johansen wins face-off versus Max Domi in CALGARY FIREMEN zone. 1:30 of 2nd period - Shot by Ryan Hartman. 1:30 of 2nd period - Stopped by Alex Nedeljkovic without a rebound. 1:31 of 2nd period - Yakov Trenin wins face-off versus Colton Sissons in CALGARY FIREMEN zone. 1:46 of 2nd period - Shot by Yakov Trenin. 1:46 of 2nd period - Stopped by Alexandar Georgiev without a rebound. 1:47 of 2nd period - Aleksander Barkov wins face-off versus Filip Forsberg in OAKLAND GORILLAS zone. 2:05 of 2nd period - Shot by Filip Forsberg. 2:05 of 2nd period - Goal by Filip Forsberg - OAKLAND GORILLAS : 0 - CALGARY FIREMEN : 1. 2:06 of 2nd period - Ryan Johansen wins face-off versus Max Domi in neutral zone. 2:23 of 2nd period - Shot by Mason Marchment. 2:23 of 2nd period - Stopped by Alexandar Georgiev without a rebound. 2:24 of 2nd period - Colton Sissons wins face-off versus Filip Forsberg in OAKLAND GORILLAS zone. 2:33 of 2nd period - Shot by Joel Farabee. 2:33 of 2nd period - Shot Blocked by Nikita Zadorov. 2:51 of 2nd period - Shot by Jakob Silfverberg. 2:51 of 2nd period - Stopped by Alexandar Georgiev without a rebound. 2:52 of 2nd period - Aleksander Barkov wins face-off versus Ryan Johansen in OAKLAND GORILLAS zone. 3:13 of 2nd period - Shot by Mason Marchment. 3:13 of 2nd period - Stopped by Alexandar Georgiev without a rebound. 3:14 of 2nd period - Max Domi wins face-off versus Filip Forsberg in OAKLAND GORILLAS zone. 3:14 of 2nd period - Max Domi is hit by Filip Forsberg. 3:22 of 2nd period - Shot by Tomas Tatar. 3:22 of 2nd period - Stopped by Alex Nedeljkovic without a rebound. 3:23 of 2nd period - Filip Forsberg wins face-off versus Max Domi in CALGARY FIREMEN zone. 4:00 of 2nd period - Ryan Hartman is hit by Jamie Oleksiak and loses puck. 4:18 of 2nd period - Minor Penalty to Filip Forsberg for Holding. 4:19 of 2nd period - Aleksander Barkov wins face-off versus Brett Howden in CALGARY FIREMEN zone. 4:28 of 2nd period - Shot by Brock Boeser. 4:28 of 2nd period - Stopped by Alex Nedeljkovic without a rebound. 4:29 of 2nd period - Brett Howden wins face-off versus Aleksander Barkov in CALGARY FIREMEN zone. 4:47 of 2nd period - Icing by Aleksander Barkov. 4:48 of 2nd period - Aleksander Barkov wins face-off ve